 Dungeon Crawl Stone Soup version 0.25-a0-178-gc9f82b1288 (webtiles) character file.

Game seed: 4694251936927071995, levelgen mode: deterministic

103 night the Ruffian (level 4, -6/67 HPs)
             Began as a Troll Fighter on Nov 26, 2019.
             Killed by divine providence
             ... invoked by an orc priest
              (11 damage)
             ... on level 3 of the Dungeon.
             The game lasted 00:04:13 (1593 turns).

night the Ruffian (Troll Fighter)                   Turns: 1593, Time: 00:04:15

Health: -6/67      AC: 22    Str: 29    XL:     4   Next: 51%
Magic:  3/3        EV:  1    Int:  5    God:
Gold:   189        SH:  0    Dex:  9    Spells: 3/3 levels left

rFire    . . .     SeeInvis .     - Unarmed
rCold    . . .     Gourm    +   b - +0 shield
rNeg     + + +     Faith    .   (armour currently unavailable)
rPois    +         Spirit   .   (helmet currently unavailable)
rElec    .         Reflect  .   (cloak currently unavailable)
rCorr    .         Harm     .   (gloves unavailable)
MR       .....     NoTele   +   (boots unavailable)
Stlth    +.........             (no amulet)
HPRegen  0.61/turn              k - ring of teleportation (curse)
MPRegen  0.08/turn              (no ring)

@: confused, mighty, tree-form
A: large, unfitting armour, fast metabolism 3, gourmand, regeneration 1
a: no special abilities


You were on level 3 of the Dungeon.
You were completely stuffed.
You were a tree.
You visited 1 branch of the dungeon, and saw 3 of its levels.

You collected 189 gold pieces.

Inventory:

Armour
 a - a +0 robe (melded)
 b - a +0 shield (worn)
Jewellery
 k - a cursed ring of teleportation (left branch)
Scrolls
 e - 5 scrolls of identify
 h - 6 scrolls of teleportation
 i - a scroll of enchant armour {unknown}
 j - a scroll of noise {unknown}
 l - a scroll of blinking {unknown}
 m - a scroll of amnesia {unknown}
Potions
 f - a potion of lignification
 g - 2 potions of flight
Comestibles
 d - 5 rations
 n - 4 chunks of flesh


   Skills:
 + Level 3.0 Fighting
 - Level 2.4 Dodging
 + Level 3.0 Shields
 * Level 3.6 Unarmed Combat


You had 3 spell levels left.
You didn't know any spells.
Your spell library was empty.

Dungeon Overview and Level Annotations

Branches:
Dungeon (3/15)

Altars:


Innate Abilities, Weirdness & Mutations

You are too large for most types of armour.
((You have claws for hands.))
Your metabolism is lightning-fast.
You like to eat raw meat.
Your natural rate of healing is unusually fast.
((You are covered in fur. (AC +1)))
((You have extremely tough skin. (AC +3)))


Message History

The orc priest hits you with a +0 whip.
* * * LOW HITPOINT WARNING * * *
You aren't carrying any items that you can evoke.
You feel very mighty all of a sudden. The orc hits you but does no damage.
The orc wizard hits you but does no damage.
The orc hits you but does no damage.
The orc priest hits you but does no damage. x2
You swing at nothing.
The orc hits you but does no damage.
The orc wizard hits you but does no damage.
The orc hits you but does no damage.
The orc priest hits you but does no damage. x2
You closely miss the orc priest.
The orc wizard gestures at you while chanting.
The magic dart hits you but does no damage.
The orc hits you but does no damage. x2
The orc priest hits you but does no damage.
The orc priest calls down the wrath of Beogh upon you.
Beogh smites you!
You die...

#..### ##.#
#..# # ...#
#..### ##..#
#..... #....
##.### #...
#.# #oo# #.#
#oo#
##########.#
#o♣#
#....)..÷..#
#.o#
#.##########
#####..# #.#
#......###.#
#.#.#......#
#.#.###### #
#.. ###


You could see 2 orc priests, an orc wizard and 3 orcs.

Vanquished Creatures
  Jessica (D:3)
  3 adders (D:2)
  A worm (D:2)
  2 orcs (D:3)
  A ball python (D:2)
  8 bats
  A giant cockroach (D:3)
  2 goblins
  8 hobgoblins
  7 jackals
  A quokka (D:3)
  3 frilled lizards
  3 kobolds
  2 rats
43 creatures vanquished.

Notes
Turn   | Place    | Note
-------+----------+-------------------------------------------
     0 | D:1      | night the Troll Fighter began the quest for the Orb.
     0 | D:1      | Reached XP level 1. HP: 22/22 MP: 0/0
   115 | D:1      | Reached XP level 2. HP: 26/29 MP: 1/1
   829 | D:2      | Reached XP level 3. HP: 34/36 MP: 2/2
  1310 | D:3      | Noticed Jessica
  1315 | D:3      | Killed Jessica
  1315 | D:3      | Reached XP level 4. HP: 45/45 MP: 3/3
  1590 | D:3      | HP: 3/67 [orc priest/+0 whip (2)]
  1593 | D:3      | Killed from afar by an orc priest

Levels and vault maps discovered:
D:1:      beargit_arrival_greenhouse, layout_basic, minmay_fountain_box
D:2:      layout_basic, minmay_misc_feat_hallway
D:3:      layout_basic, uniq_terence, uniq_jessica

Skill      XL: |  1  2  3 |
---------------+----------+-----
Unarmed Combat | 3 |  3.6
Fighting       | 3 |  3.0
Shields        | 3 |  3.0
Dodging        | |  2.4

Action                   |  1- 3 |  4- 6 || total
-------------------------+-------+-------++-------
Melee: Unarmed           |   119 |    20 ||   139
  Use: Scroll            |     2 |       ||     2
       Potion            |       |     2 ||     2
  Eat: Chunk             |    18 |     2 ||    20
Armor: Robe              |    42 |     5 ||    47
       Skin              |       |    26 ||    26
Dodge: Dodged            |    45 |     3 ||    48
Block: Shield            |    60 |     9 ||    69

Table legend:
 A = Non-vault XP
 B = Vault XP
 C = Vault XP percentage of total XP
 D = Non-vault monster count
 E = Vault monster count
 F = Vault count percentage of total count
                 A         B        C        D         E       F
            +---------+---------+-------+---------+---------+-------
      Total |     111 |      37 |  25.0 |      42 |       1 |   2.3
            +---------+---------+-------+---------+---------+-------
        D:1 |      16 |       0 |   0.0 |       9 |       0 |   0.0
        D:2 |      69 |       0 |   0.0 |      20 |       0 |   0.0
        D:3 |      26 |      37 |  58.7 |      13 |       1 |   7.1
            +---------+---------+-------+---------+---------+-------
